 Dungeon Crawl Stone Soup version 0.26.1-2-gb8aa6d0cf2 (webtiles) character file.

Game seed: 8264065386345522339

61088 Gadfly the Cleaver (level 15, -8/115 HPs)
             Began as a Formicid Fighter on Feb 22, 2021.
             Was the Champion of Okawaru.
             Killed from afar by a molten gargoyle (13 damage)
             ... with a bolt of magma
             ... on level 6 of the Lair of Beasts.
             The game lasted 00:44:52 (21813 turns).

Gadfly the Cleaver (Formicid Fighter)              Turns: 21813, Time: 00:44:52

Health: -8/115     AC: 36    Str: 24    XL:     15   Next: 40%
Magic:  22/22      EV:  5    Int: 11    God:    Okawaru [******]
Gold:   995        SH: 19    Dex: 16    Spells: 14/14 levels left

rFire    . . .     SeeInvis +   a - +8 battleaxe of Okawaru's Envy {freeze, rElec rF- Will+ Dex+4}
rCold    + . .     Faith    .   c - +1 kite shield
rNeg     + . .     Spirit   .   o - +8 orange crystal plate armour {Archmagi, Int+3 Clar}
rPois    +         Reflect  +   (helmet unavailable)
rElec    +         Harm     .   q - +2 ratskin cloak {*Rats rPois rN+ Str-1 Int-1 Dex+1}
rCorr    .         Rampage  .   K - +2 pair of gloves {archery}
Will     +++..     Clarity  +   s - +0 pair of boots
Stlth    ..........             D - amulet of reflection
HPRegen  0.00/turn              e - ring of protection from cold
MPRegen  0.18/turn              J - ring of willpower

@: no status effects
A: permanent stasis, dig shafts and tunnels, four strong arms, antennae 3, fire
resistance 1, screaming 1, inhibited regeneration, wild magic 1
a: Dig, Shaft Self, Renounce Religion, Heroism, Finesse


You were on level 6 of the Lair of Beasts.
You worshipped Okawaru.
Okawaru was exalted by your worship.
You visited 3 branches of the dungeon, and saw 18 of its levels.
You also visited: Ice Cave.

You collected 1049 gold pieces.
You spent 54 gold pieces at shops.

Inventory:

Hand Weapons
 a - the +8 battleaxe of Okawaru's Envy (weapon) {freeze, rElec rF- Will+ Dex+4}
   (Okawaru gifted it to you on level 6 of the Lair of Beasts)

   It has been specially enchanted to freeze those struck by it, causing extra
   injury to most foes and up to half again as much damage against particularly
   susceptible opponents.
   It can also slow down cold-blooded creatures.
   It affects your dexterity (+4).
   It makes you vulnerable to fire.
   It insulates you from electricity.
   It affects your willpower, your defense against some magical effects.
 b - a +2 arbalest of flaming
 n - the +4 broad axe of Ragnarok {flame, rElec rF+ Str+3}
   (Okawaru gifted it to you on level 2 of the Lair of Beasts)

   It has been specially enchanted to burn those struck by it, causing extra
   injury to most foes and up to half again as much damage against particularly
   susceptible opponents.
   Big, fiery blades are also staple armaments of hydra-hunters.
   It affects your strength (+3).
   It protects you from fire.
   It insulates you from electricity.
 H - the +14 obsidian axe {vorpal, +Fly SInv *Curse}
   (Okawaru gifted it to you on level 4 of the Lair of Beasts)

   It inflicts extra damage upon your enemies.
   It lets you see invisible.
   It lets you fly.
   It curses itself when equipped.
Missiles
 p - 215 bolts
Armour
 c - a +1 kite shield (worn)
 o - the +8 orange crystal plate armour (worn) {Archmagi, Int+3 Clar}
   (You acquired it on level 11 of the Dungeon)

   It affects your intelligence (+3).
   It protects you against confusion.
 q - the +2 ratskin cloak (worn) {*Rats rPois rN+ Str-1 Int-1 Dex+1}
   (You found it on level 7 of the Dungeon)

   It affects your strength (-1).
   It affects your intelligence (-1).
   It affects your dexterity (+1).
   It protects you from poison.
   It protects you from negative energy.
 s - a +0 pair of boots (worn)
 K - a +2 pair of gloves of archery (worn)
Jewellery
 e - a ring of protection from cold (left hand)
 x - an uncursed ring of fire
 y - an uncursed ring of flight
 C - an uncursed ring of positive energy
 D - an amulet of reflection (around neck)
 J - a ring of willpower (right hand)
Wands
 r - a wand of digging (7)
 u - a wand of acid (10)
 v - a wand of paralysis (9)
 w - a wand of iceblast (44)
 A - a wand of flame (31) (quivered)
 B - a wand of polymorph (10)
Scrolls
 g - 5 scrolls of enchant weapon
 k - a scroll of enchant armour
 m - 12 scrolls of remove curse
 t - 6 scrolls of fear
 E - a scroll of identify
 G - a scroll of magic mapping
Potions
 d - 4 potions of might
 f - 4 potions of attraction
 h - 5 potions of lignification
 i - 3 potions of flight
 j - 4 potions of heal wounds
 l - 5 potions of curing
 F - a potion of mutation
 I - 2 potions of resistance
Miscellaneous
 z - a box of beasts


   Skills:
 + Level 10.2 Fighting
 * Level 12.3 Axes
 * Level 12.2 Crossbows
 + Level 10.2 Armour
 + Level 11.0 Shields
 + Level 10.4 Invocations
 + Level 10.0 Evocations


You had 14 spell levels left.
You didn't know any spells.
Your spell library contained the following spells:

 Spells                   Type           Power        Failure   Level
 Animate Skeleton         Necr           0%           100%        1
 Apportation              Tloc           0%           100%        1
 Corona                   Hex            0%           100%        1
 Foxfire                  Conj/Fire      0%           100%        1
 Summon Small Mammal      Summ           0%           100%        1
 Ensorcelled Hibernation  Hex/Ice        0%           100%        2
 Confusing Touch          Hex            0%           100%        3
 Conjure Flame            Conj/Fire      0%           100%        3
 Dazzling Flash           Conj/Hex       0%           100%        3
 Gell's Gravitas          Tloc           0%           100%        3
 Inner Flame              Hex/Fire       0%           100%        3
 Tukima's Dance           Hex            0%           100%        3
 Petrify                  Tmut/Erth      0%           100%        4
 Sticky Flame             Conj/Fire      0%           100%        4
 Fireball                 Conj/Fire      0%           100%        5
 Metabolic Englaciation   Hex/Ice        0%           100%        5
 Yara's Violent Unravell  Hex/Tmut       0%           100%        5
 Malign Gateway           Summ/Tloc      0%           100%        7
 Monstrous Menagerie      Summ           0%           100%        7
 Summon Greater Demon     Summ           0%           100%        7
 Summon Horrible Things   Summ           0%           100%        8


Dungeon Overview and Level Annotations

Branches:
Dungeon (11/15)            Temple (1/1) D:4            Lair (6/6) D:11
 Shoals (0/4) Lair:4        Snake (0/4) Lair:4        Slime (0/5) Lair:5
    Orc (0/2) D:9           IceCv (visited)

Altars:
Ashenzari
Cheibriados
Dithmenos
Elyvilon
Fedhas
Gozag
Hepliaklqana
Kikubaaqudgha
Makhleb
Nemelex Xobeh
Okawaru
Qazlal
Ru
Sif Muna
Trog
Uskayaw
Vehumet
Wu Jian
Xom
Yredelemnul
Zin
The Shining One

Shops:
D:7 ?

Annotations:
Lair:3 2 transporters


Innate Abilities, Weirdness & Mutations

You cannot be hasted, slowed, berserked, paralysed or teleported.
You can dig through walls and to a lower floor.
Your four strong arms can wield two-handed weapons with a shield.
You have a pair of large antennae on your head. (SInv)
Your flesh is heat resistant. (rF+)
You occasionally shout uncontrollably at your foes.
You do not regenerate when monsters are visible.
Your spells are a little harder to cast, but a little more powerful.


Message History

The bolt of magma hits you!!
* * * LOW HITPOINT WARNING * * *
A river rat scurries out from under your cloak.
The hell hound bites you.
* * * LOW HITPOINT WARNING * * *
You closely miss the hell hound.
The hell hound is moderately wounded.
You are engulfed in a cloud of scalding steam.
The hell hound bites you but does no damage. x2
Unknown command.
You are too injured to fight recklessly!
You slash the hell hound! You freeze the hell hound.
The hell hound is severely wounded.
You are engulfed in a cloud of scalding steam.
You block the hell hound's attack.
The molten gargoyle blasts magma at you!
The bolt of magma hits the hell hound!
The hell hound partially resists.
The hell hound dies!
The bolt of magma hits you!
You die...

......###....## .
##..... .....## #### {
##.†#. #...## { #.†.#
....# ###§ ##... ....#
###≈§≈ ####. ###. ...##
≈≈≈≈≈# ..... #.. ...#
#≈≈§### ...... ###
..#####≈ #≈§≈≈##§§....
..# #.§§ ###≈§≈§@.D.l...
..###≈≈###8##≈.r†#9§....
.###≈≈.#8#..#...§# ...##
####≈≈.#.....#≈≈≈≈≈#.≈≈≈
# #≈§........##≈§≈§§≈..§
{ ###≈≈.........##≈####
#. ##≈≈...†.....§§≈##
... { #≈§#........§§≈#
.. { ## ##.......§§≈# {
..


You could see a basilisk, a molten gargoyle, a steam dragon (catching breath)
and a friendly river rat.

Vanquished Creatures
  Gastronok (D:9)
  The ghost of Tang the Fighter, a journeyman VSBr of Wu Jian (Lair:5)
  Erolcha (D:11)
  6 hydras
  A centaur warrior (D:11)
  A two-headed ogre (D:9)
  6 death yaks
  Urug (Lair:1)
  2 unseen horrors
  2 lindwurms (Lair:6)
  Pikel (D:7)
  A necromancer (IceCv)
  An oklob plant (Lair:4)
  2 ugly things (D:11)
  An ice statue (IceCv)
  10 elephants
  7 black mambas
  A cyclops (D:11)
  2 molten gargoyles (Lair:6)
  A gargoyle (D:11)
  A torpor snail (Lair:5)
  A rime drake (Lair:5)
  14 cane toads
  15 komodo dragons
  An efreet (D:11)
  10 freezing wraiths (IceCv)
  5 polar bears
  3 trolls
  2 hornets
  Prince Ribbit (D:6)
  20 blink frogs
  7 dream sheep (Lair:6)
  A water elemental (D:11)
  Sigmund (D:5)
  26 yaks
  10 wyverns
  2 basilisks
  A human (D:9)
  A vampire mosquito (D:11)
  2 steam dragons
  2 death yak simulacra (IceCv)
  7 nagas (Lair:4)
  13 water moccasins
  4 orc warriors
  3 hell hounds (Lair:6)
  Duvessa (D:4)
  3 sky beasts
  2 necrophages
  A phantom (D:4)
  6 wolves
  8 ice beasts
  7 ogres
  5 centaurs
  2 lemures (D:7)
  A big kobold (D:8)
  16 bullfrogs
  Dowan (D:4)
  A water moccasin skeleton (D:9)
  3 scorpions
  A swamp dragon simulacrum (IceCv)
  5 wights (D:9)
  4 electric eels (D:11)
  A howler monkey (D:5)
  3 bullfrog zombies
  3 lava snakes (Lair:6)
  4 draconian simulacra (IceCv)
  2 centaur zombies
  3 hounds
  8 orc priests
  Crazy Yiuf (D:7)
  4 bullfrog skeletons
  A centaur skeleton (D:5)
  A jelly (Lair:5)
  10 orc wizards
  Jessica (D:3)
  2 iguanas
  2 spriggan simulacra (IceCv)
  10 worker ants
  A hell rat (D:7)
  6 troll simulacra (IceCv)
  A wolf simulacrum (IceCv)
  3 centaur simulacra (IceCv)
  A hound zombie (D:4)
  A hound skeleton (D:3)
  A worker ant zombie (D:11)
  A howler monkey skeleton (D:6)
  7 gnolls
  3 naga simulacra (IceCv)
  7 adders
  2 ogre simulacra (IceCv)
  8 river rats
  A shadow imp (D:5)
  13 white imps
  2 ufetubi
  2 adder skeletons
  An adder zombie (D:7)
  3 worms
  4 dart slugs
  7 leopard geckos
  36 orcs
  4 bats (D:1)
  8 giant cockroaches
  17 goblins
  13 hobgoblins
  4 jackals (D:1)
  10 quokkas
  15 frilled lizards
  13 kobolds
  A leopard gecko skeleton (D:8)
  A quokka zombie (D:3)
  23 rats
545 creatures vanquished.

Vanquished Creatures (collateral kills)
  A hydra (Lair:4)
  An oklob plant (Lair:4)
  3 elephants
  Joseph (D:7)
  3 cane toads (Lair:5)
  A rime drake (Lair:5)
  A polar bear (Lair:4)
  3 slime creatures (Lair:5)
  A basilisk (Lair:4)
  A wolf (Lair:4)
  2 bullfrogs (Lair:4)
  An electric eel (Lair:4)
19 creatures vanquished.

Vanquished Creatures (others)
  A hell hound (Lair:6)
  38 fungi
  141 plants
180 creatures vanquished.

Grand Total: 744 creatures vanquished

Notes
Turn   | Place    | Note
-------+----------+-------------------------------------------
     0 | D:1      | Gadfly the Formicid Fighter began the quest for the Orb.
     0 | D:1      | Reached XP level 1. HP: 18/18 MP: 1/1
   273 | D:1      | Reached XP level 2. HP: 24/24 MP: 2/2
   632 | D:1      | Reached XP level 3. HP: 29/29 MP: 3/3
   687 | D:1      | Reached skill level 1 in Crossbows
   758 | D:1      | Reached skill level 1 in Evocations
  1005 | D:2      | Reached skill level 1 in Invocations
  1005 | D:2      | Reached XP level 4. HP: 25/35 MP: 4/4
  1936 | D:3      | Reached XP level 5. HP: 41/41 MP: 5/5
  2081 | D:3      | Noticed Jessica
  2085 | D:3      | Killed Jessica
  2298 | D:3      | Reached XP level 6. HP: 44/48 MP: 7/7
  2744 | D:4      | Found a staircase to the Ecumenical Temple.
  2808 | Temple   | Entered the Ecumenical Temple
  2921 | Temple   | Became a worshipper of Warmaster Okawaru
  3364 | D:4      | Gained mutation: You do not regenerate when monsters are
                  | visible. [potion of mutation]
  3364 | D:4      | Gained mutation: You are dopey. (Int -2) [potion of
                  | mutation]
  3364 | D:4      | Gained mutation: You possess an exceptional clarity of
                  | mind. [potion of mutation]
  3364 | D:4      | Gained mutation: Your movements are slightly less
                  | encumbered by armour. (ER -2) [potion of mutation]
  3365 | D:4      | Lost mutation: You possess an exceptional clarity of mind.
                  | [potion of mutation]
  3365 | D:4      | Lost mutation: You are dopey. (Int -2) [potion of mutation]
  3365 | D:4      | Gained mutation: Your spells are a little harder to cast,
                  | but a little more powerful. [potion of mutation]
  3365 | D:4      | Gained mutation: You have very sharp teeth. [potion of
                  | mutation]
  3396 | D:4      | Noticed a phantom
  3416 | D:4      | Killed a phantom
  3417 | D:4      | Reached XP level 7. HP: 48/54 MP: 8/8
  3424 | D:4      | Got a fading chain mail
  3435 | D:4      | Identified the +5 chain mail of Idwecwoa {Regen+} (You
                  | found it on level 4 of the Dungeon)
  3490 | D:4      | Noticed Duvessa
  3491 | D:4      | Noticed Dowan
  3500 | D:4      | Killed Duvessa
  3510 | D:4      | Killed Dowan
  3510 | D:4      | Reached * piety under Okawaru
  3830 | D:5      | Entered Level 5 of the Dungeon
  3898 | D:5      | Lost mutation: Your spells are a little harder to cast, but
                  | a little more powerful. [potion of mutation]
  3898 | D:5      | Lost mutation: Your movements are slightly less encumbered
                  | by armour. (ER -2) [potion of mutation]
  3898 | D:5      | Gained mutation: You are partially covered in slimy green
                  | scales. (AC +2) [potion of mutation]
  3898 | D:5      | Gained mutation: You are clumsy. (Dex -2) [potion of
                  | mutation]
  3898 | D:5      | Gained mutation: You are somewhat resistant to further
                  | mutation. [potion of mutation]
  3899 | D:5      | Lost mutation: You are clumsy. (Dex -2) [potion of
                  | mutation]
  3899 | D:5      | Gained mutation: Your mind is acute. (Int +2) [potion of
                  | mutation]
  3971 | D:5      | Noticed Sigmund
  3973 | D:5      | Reached XP level 8. HP: 54/61 MP: 10/10
  4332 | D:5      | Reached skill level 5 in Shields
  4570 | D:5      | Identified the +1 leather armour "Cowuwkef" {rN++ Str-3
                  | Stlth+}
  4942 | D:5      | Killed Sigmund
  4942 | D:5      | Reached ** piety under Okawaru
  4943 | D:5      | Reached skill level 5 in Axes
  5036 | D:6      | Noticed Prince Ribbit
  5060 | D:6      | Killed Prince Ribbit
  5061 | D:6      | Reached skill level 5 in Armour
  5177 | D:6      | Reached XP level 9. HP: 67/67 MP: 11/11
  5524 | D:6      | Reached skill level 5 in Fighting
  5702 | D:6      | Reached skill level 5 in Crossbows
  6350 | D:7      | Found a sacrificial altar of Ru.
  6608 | D:7      | Found the +2 ratskin cloak {*Rats rPois rN+ Str-1 Int-1
                  | Dex+1}
  6721 | D:7      | Found Taidd's Magic Scroll Shop.
  6725 | D:7      | Bought a scroll of fear for 42 gold pieces
  6725 | D:7      | Bought a scroll of noise for 12 gold pieces
  6890 | D:7      | Noticed Joseph
  6919 | D:7      | Killed Joseph
  7023 | D:7      | Noticed Pikel
  7051 | D:7      | Killed Pikel
  7051 | D:7      | Reached *** piety under Okawaru
  7052 | D:7      | Reached skill level 5 in Evocations
  7056 | D:7      | Got a smoking great sword
  7057 | D:7      | Identified the +5 great sword of the Head {venom, Will++
                  | Stlth-} (You found it on level 7 of the Dungeon)
  7087 | D:7      | Found a runed translucent door.
  7088 | D:7      | Noticed Crazy Yiuf
  8049 | D:7      | Killed Crazy Yiuf
  8050 | D:7      | Reached XP level 10. HP: 56/74 MP: 13/13
  8412 | D:8      | Reached skill level 5 in Invocations
  8560 | D:8      | Reached **** piety under Okawaru
  9807 | D:8      | Lost mutation: You are somewhat resistant to further
                  | mutation. [potion of mutation]
  9807 | D:8      | Lost mutation: Your mind is acute. (Int +2) [potion of
                  | mutation]
  9807 | D:8      | Lost mutation: You have very sharp teeth. [potion of
                  | mutation]
  9807 | D:8      | Gained mutation: You have sharp toenails. [potion of
                  | mutation]
  9807 | D:8      | Gained mutation: You are dopey. (Int -2) [potion of
                  | mutation]
  9807 | D:8      | Gained mutation: You are frail. (-10% HP) [potion of
                  | mutation]
  9807 | D:8      | Gained mutation: You are partially covered in thin metallic
                  | scales. (AC +2) [potion of mutation]
 10141 | D:9      | Noticed a two-headed ogre
 10149 | D:9      | Killed a two-headed ogre
 10149 | D:9      | Received a gift from Okawaru
 10238 | D:9      | Noticed Gastronok
 10255 | D:9      | Killed Gastronok
 10255 | D:9      | Reached ***** piety under Okawaru
 10256 | D:9      | Reached XP level 11. HP: 18/74 MP: 15/15
 10818 | D:9      | Found a staircase to the Orcish Mines.
 11350 | D:9      | Received a gift from Okawaru
 11437 | D:9      | Got a distressingly furry chain mail {god gift}
 11448 | D:9      | Identified the +1 chain mail "Vorche Piteer" {Will+}
                  | (Okawaru gifted it to you on level 9 of the Dungeon)
 11541 | D:10     | Entered Level 10 of the Dungeon
 11561 | D:10     | Noticed an unseen horror
 11565 | D:10     | Killed an unseen horror
 11721 | D:10     | Found a blossoming altar of Fedhas.
 12206 | D:11     | Found a staircase to the Lair.
 12206 | D:11     | Noticed a death yak
 12206 | D:11     | Noticed a death yak
 12206 | D:11     | Noticed a death yak
 12216 | D:10     | Killed a death yak
 12236 | D:10     | Killed a death yak
 12304 | D:10     | Killed a death yak
 12305 | D:10     | Reached XP level 12. HP: 42/81 MP: 17/17
 12407 | D:11     | Noticed a centaur warrior
 12414 | D:11     | Killed a centaur warrior
 12473 | D:11     | Noticed an unseen horror
 12484 | D:11     | Killed an unseen horror
 12660 | D:11     | Reached ****** piety under Okawaru
 12662 | D:11     | Identified a scroll of acquirement
 12663 | D:11     | Acquired the +8 orange crystal plate armour {Archmagi,
                  | Int+3 Clar}
 12664 | D:11     | Found the +8 orange crystal plate armour {Archmagi, Int+3
                  | Clar}
 12761 | D:11     | Noticed a five-headed hydra
 12766 | D:11     | Noticed Erolcha
 12772 | D:11     | Killed a one-headed hydra
 12772 | D:11     | Received a gift from Okawaru
 12779 | D:11     | Killed Erolcha
 12914 | D:11     | Got an encrusted hand axe {god gift}
 12915 | D:11     | Identified the +7 hand axe of Kidney {vorpal, rF+ SInv}
                  | (Okawaru gifted it to you on level 11 of the Dungeon)
 13179 | D:11     | Received a gift from Okawaru
 13377 | Lair:1   | Entered Level 1 of the Lair of Beasts
 13661 | Lair:1   | Reached XP level 13. HP: 83/88 MP: 19/19
 13744 | Lair:1   | Reached skill level 10 in Axes
 13948 | Lair:1   | Noticed Urug
 13960 | Lair:1   | Killed Urug
 14073 | Lair:1   | Reached skill level 10 in Crossbows
 14491 | Lair:2   | Received a gift from Okawaru
 14492 | Lair:2   | Got a dazzling broad axe {god gift}
 14493 | Lair:2   | Identified the +4 broad axe of Ragnarok {flame, rElec rF+
                  | Str+3} (Okawaru gifted it to you on level 2 of the Lair of
                  | Beasts)
 14559 | Lair:2   | You fall into a shaft and drop 1 floor!
 15791 | Lair:3   | Found a transporter.
 15829 | Lair:3   | Found a transporter.
 16307 | Lair:4   | Received a gift from Okawaru
 16308 | Lair:4   | Found the +14 obsidian axe {vorpal, +Fly SInv *Curse}
 16502 | Lair:4   | Found a staircase to the Snake Pit.
 16777 | Lair:4   | Noticed an eight-headed hydra
 16780 | Lair:4   | Killed a nine-headed hydra
 16901 | Lair:4   | Found a staircase to the Shoals.
 17355 | Lair:4   | Lost mutation: You have sharp toenails. [potion of
                  | mutation]
 17355 | Lair:4   | Lost mutation: You are frail. (-10% HP) [potion of
                  | mutation]
 17355 | Lair:4   | Lost mutation: You are partially covered in slimy green
                  | scales. (AC +2) [potion of mutation]
 17355 | Lair:4   | Lost mutation: You are dopey. (Int -2) [potion of mutation]
 17355 | Lair:4   | Gained mutation: Your flesh is cold resistant. (rC+)
                  | [potion of mutation]
 17408 | Lair:5   | Noticed a four-headed hydra
 17415 | Lair:5   | Received a gift from Okawaru
 17422 | Lair:5   | Killed a ten-headed hydra
 17423 | Lair:5   | Reached XP level 14. HP: 72/108 MP: 20/20
 17604 | Lair:5   | Received a gift from Okawaru
 17713 | Lair:5   | Found a runed translucent door.
 17713 | Lair:5   | Noticed Tang's ghost (journeyman VSBr)
 17730 | Lair:5   | Reached skill level 10 in Shields
 17737 | Lair:5   | Received a gift from Okawaru
 18057 | Lair:5   | Killed Tang's ghost
 18064 | Lair:5   | Lost mutation: Your flesh is cold resistant. (rC+) [potion
                  | of mutation]
 18064 | Lair:5   | Lost mutation: You are partially covered in thin metallic
                  | scales. (AC +2) [potion of mutation]
 18064 | Lair:5   | Lost mutation: You do not regenerate when monsters are
                  | visible. [potion of mutation]
 18064 | Lair:5   | Gained mutation: Your flesh is heat resistant. (rF+)
                  | [potion of mutation]
 18064 | Lair:5   | Gained mutation: You occasionally shout uncontrollably at
                  | your foes. [potion of mutation]
 18064 | Lair:5   | Gained mutation: You do not regenerate when monsters are
                  | visible. [potion of mutation]
 18064 | Lair:5   | Gained mutation: Your spells are a little harder to cast,
                  | but a little more powerful. [potion of mutation]
 18150 | Lair:5   | Received a gift from Okawaru
 18275 | Lair:5   | Found a staircase to the Slime Pits.
 18952 | Lair:6   | Entered Level 6 of the Lair of Beasts
 18952 | Lair:6   | Found a frozen archway.
 19030 | IceCv    | Entered an ice cave
 19623 | IceCv    | Found an ancient bone altar of Kikubaaqudgha.
 20329 | Lair:6   | Received a gift from Okawaru
 20330 | Lair:6   | Reached skill level 10 in Invocations
 20708 | Lair:6   | Reached XP level 15. HP: 104/115 MP: 22/22
 20910 | Lair:6   | Received a gift from Okawaru
 20913 | Lair:6   | Reached skill level 10 in Fighting
 20914 | Lair:6   | Got an iridescent battleaxe {god gift}
 20915 | Lair:6   | Identified the +8 battleaxe of Okawaru's Envy {freeze,
                  | rElec rF- Will+ Dex+4} (Okawaru gifted it to you on level 6
                  | of the Lair of Beasts)
 20996 | Lair:6   | Reached skill level 10 in Armour
 21134 | Lair:6   | Found a hide-covered altar of Uskayaw.
 21439 | Lair:6   | Received a gift from Okawaru
 21806 | Lair:6   | Reached skill level 10 in Evocations
 21811 | Lair:6   | HP: 5/115 [hell hound (3)]
 21813 | Lair:6   | Killed from afar by a molten gargoyle

Illustrated notes

Levels and vault maps discovered:
D:1:      roderic_crop_circles_arrival_small, layout_rooms,
          minmay_misc_feat_encased, nrook_campfire
D:2:      layout_basic, kennysheep_flooded_box, minmay_lizard_pond
D:3:      layout_basic, kennysheep_jessica_study
D:4:      layout_gridville, temple_statues, kennysheep_generic_room_8,
          uniq_duvessa
D:5:      corexii_shantytown, layout_basic, uniq_sigmund
D:6:      layout_loops_ring, grunt_decor_mini_mirrors, st_stairs_12,
          uniq_prince_ribbit1
D:7:      wander_guarded_unrand_ratskin, layout_basic, nicolae_ru_path_of_blood,
          serial_shops, nicolae_shop_behind_doors, uniq_joseph, uniq_pikel,
          uniq_crazy_yiuf_cottage
D:8:      minmay_weird_star, layout_layer_cave, st_stairs_14,
          serial_bayou_pond_c, hangedman_abyss_or_decor_passed,
          minmay_starry_boxes
D:9:      layout_basic, erik_orc_4, uniq_gastronok
D:10:     layout_long_grid, fedhas_altar_1
D:11:     minmay_bloctagon_deflated, layout_loops_cross, dpeg_lair_monsters,
          serial_bayou, serial_bayou_pond_d, serial_bayou_lagoon_b,
          serial_bayou_pond_d, serial_bayou_pond_d, minmay_misc_feat_tower,
          uniq_erolcha
Temple:   roderic_octagonal_lattice_temple
Lair:1:   layout_loops_ring, chequers_serial_rivers_micro_b,
          beast_lair_carwin_1, uniq_urug
Lair:2:   layout_roguey
Lair:3:   gammafunk_cloud_chamber, layout_cave_pods, serial_bayou_crossing
Lair:4:   layout_gridlike, elwin_shoals_entry_rocks,
          minmay_snake_entry_guardpost_medium, minivault_27,
          minmay_lair_oklob_chamber, infiniplex_staircase_pool_2
Lair:5:   layout_cave_pods, minmay_slime_entry_pillars,
          hellmonk_ghost_happy_afterlife, cheibrodos_lair_lostbears
Lair:6:   cheibrodos_lair_end_hotspot, layout_long_grid, basic_altar,
          portal_ice_cave_entry_pillars_2

Skill      XL: |  1  2  3  4  5  6  7  8  9 10 11 12 13 14 15 |
---------------+----------------------------------------------+-----
Crossbows      | 1 2 3 4 6 7 8 9 10 11 12 | 12.2
Evocations     | 1 2 3 5 6 7 8 9 10 | 10.0
Invocations    | 1 2 3 4 6 7 8 9 10 | 10.4
Axes           | 3 4 5 6 7 8 9 11 12 | 12.3
Shields        | 4 5 6 7 8 9 10 11 | 11.0
Armour         | 4 5 6 7 8 9 10 | 10.2
Fighting       | 4 5 6 7 8 9 10 | 10.2

Action                   |  1- 3 |  4- 6 |  7- 9 | 10-12 | 13-15 || total
-------------------------+-------+-------+-------+-------+-------++-------
Melee: War axe           |    90 |     8 |     5 |     1 |       ||   104
       Dagger            |       |   170 |   443 |   130 |       ||   743
       Bite              |       |     2 |    48 |    22 |       ||    72
       Broad axe         |       |       |       |   164 |   479 ||   643
       Battleaxe         |       |       |       |   282 |   143 ||   425
       Hand axe          |       |       |       |    26 |       ||    26
 Fire: Hand crossbow     |       |       |    26 |    21 |       ||    47
       Arbalest          |       |       |       |       |    44 ||    44
 Abil: Dig               |     1 |     2 |       |    19 |     7 ||    29
Evoke: Wand              |       |       |       |     4 |     3 ||     7
  Use: Scroll            |     6 |     6 |     5 |     9 |     6 ||    32
       Potion            |       |     4 |     3 |     3 |     2 ||    12
 Stab: Distracted        |       |       |       |       |     1 ||     1
Armor: Scale mail        |    26 |       |       |       |       ||    26
       Chain mail        |    12 |    92 |   211 |   188 |       ||   503
       Crystal plate arm |       |       |       |    61 |   479 ||   540
Dodge: Dodged            |    27 |    41 |   103 |   101 |   109 ||   381
Block: Kite shield       |    49 |   100 |   224 |   441 |   738 ||  1552
       Reflection        |       |       |       |    11 |     6 ||    17
